 Dungeon Crawl Stone Soup version 0.25-a0-458-g6fc7858b95 (webtiles) character file.

Game seed: 10230824772958052672, levelgen mode: deterministic

18195 funkygono the Geomancer (level 12, -8/71 HPs)
             Began as a Gargoyle Earth Elementalist on Feb 1, 2020.
             Was an Elder of Vehumet.
             Mangled by a komodo dragon (14 damage)
             ... on level 3 of the Lair of Beasts.
             The game lasted 00:51:12 (14860 turns).

funkygono the Geomancer (GrEE)                     Turns: 14860, Time: 00:51:12

Health: -8/71      AC: 19    Str: 15    XL:     12   Next: 56%
Magic:  3/27       EV: 11    Int: 18    God:    Vehumet [****..]
Gold:   789        SH:  0    Dex: 10    Spells: 18/33 levels left

rFire    x . .     SeeInvis .   e - +4 flail (protect)
rCold    + . .     Gourm    .   (no shield)
rNeg     + + .     Faith    +   B - +0 acid dragon scales
rPois    ∞         Spirit   .   (no helmet)
rElec    +         Reflect  .   Q - +0 cloak {rPois}
rCorr    +         Harm     .   h - +0 pair of gloves
MR       .....                  (no boots)
Stlth    ++........             j - amulet of faith
HPRegen  0.21/turn              m - ring of positive energy
MPRegen  0.20/turn              H - ring of ice

@: studying Short Blades
A: negative energy resistance 1, electricity resistance, unbreathing,
petrification resistance, rot immunity, AC +8
a: Renounce Religion


You were on level 3 of the Lair of Beasts.
You worshipped Vehumet.
Vehumet was greatly pleased with you.
You were not hungry.

You visited 3 branches of the dungeon, and saw 14 of its levels.

You collected 789 gold pieces.

Inventory:

Hand Weapons
 e - a +4 flail of protection (weapon)
 p - a +1 whip
Missiles
 b - 100 stones (quivered)
Armour
 h - a +0 pair of gloves (worn)
 l - a +0 shield
 t - a +2 ring mail of positive energy
 v - a +1 leather armour of fire resistance
 w - a +3 leather armour of cold resistance
 B - +0 acid dragon scales (worn)
 Q - a +0 cloak of poison resistance (worn)
Jewellery
 j - an amulet of faith (around neck)
 m - a ring of positive energy (left hand)
 o - an uncursed ring of resist corrosion
 y - an uncursed amulet of rage
 F - an uncursed amulet of faith
 H - a ring of ice (right hand)
Wands
 r - a wand of iceblast (28)
 u - a wand of flame (33)
 x - a wand of paralysis (20)
 z - a wand of random effects (53)
 A - a wand of acid (27)
 G - a wand of disintegration (26)
 I - a wand of enslavement (11)
 J - a wand of digging (14)
Scrolls
 a - 5 scrolls of identify
 g - 8 scrolls of teleportation
 n - 6 scrolls of remove curse
 s - 2 scrolls of amnesia
 M - a scroll of blinking
Potions
 c - 4 potions of lignification
 f - a potion of heal wounds
 i - 4 potions of curing
 k - 4 potions of haste
 q - 4 potions of cancellation
 C - a potion of flight
 E - 2 potions of brilliance
 N - a potion of agility
Books
 K - a manual of Short Blades
Comestibles
 d - 22 rations


   Skills:
 + Level 6.5 Fighting
 + Level 5.1 Maces & Flails
 * Level 7.4 Armour
 - Level 1.5 Dodging
 + Level 4.0 Stealth
 + Level 11.0 Spellcasting
 * Level 8.3 Conjurations
   Level 0.7 Transmutations
 * Level 1.4 Ice Magic
 + Level 12.0 Earth Magic


You had 18 spell levels left.
You knew the following spells:

 Your Spells              Type           Power        Failure   Level  Hunger
a - Sandblast             Erth           ######       1%          1    None
b - Stone Arrow           Conj/Erth      #####.       1%          3    None
c - Lee's Rapid Deconstr  Erth           ######....   1%          5    #####..
d - Searing Ray           Conj           #####.       1%          2    None
e - Hailstorm             Conj/Ice       #####...     3%          4    ##.....

Your spell library contained the following spells:

 Spells                   Type           Power        Failure   Level  Hunger
 Passwall                 Tmut/Erth      ####....     1%          2    None
 Petrify                  Tmut/Erth      ####....     7%          4    ##.....


Dungeon Overview and Level Annotations

Branches:
Dungeon (10/15)            Temple (1/1) D:7            Lair (3/6) D:8
  Snake (0/4) Lair:2
  Swamp: Lair:2-4    Shoals: Lair:2-4       Orc: D:9-12

Altars:
Ashenzari
Cheibriados
Dithmenos
Elyvilon
Fedhas
Gozag
Hepliaklqana
Kikubaaqudgha
Makhleb
Nemelex Xobeh
Okawaru
Qazlal
Ru
Sif Muna
Trog
Uskayaw
Vehumet
Wu Jian
Xom
Yredelemnul
Zin
The Shining One

Shops:
D:4 %   D:7 *   D:8 *


Innate Abilities, Weirdness & Mutations

You are resistant to torment.
Your stone body is resilient. (AC +8)
You are immune to poison.
You resist negative energy. (rN+)
You are resistant to electric shocks. (rElec)
You can survive without breathing.
You are immune to petrification.
You are immune to rotting.


Message History

Aim: a komodo dragon (moderately wounded)
The blast of sand hits the dream sheep!!
You kill the dream sheep!
Vehumet accepts your kill.
Your Earth Magic skill increases to level 12!
b - 101 stones
Casting: Sandblast (safe; 1% risk of failure)
Confirm with . or Enter, or press ? or * to list all spells.
Aiming: Sandblast (safe; 1% risk of failure)
Press: ? - help, Shift-Dir - straight line, f/p - komodo dragon
Aim: a komodo dragon (moderately wounded)
The blast of sand hits the komodo dragon.
The komodo dragon is heavily wounded.
b - 100 stones The komodo dragon bites you!!
* * * LOW HITPOINT WARNING * * *
You barely miss the komodo dragon.
The komodo dragon is heavily wounded.
The komodo dragon bites you!
You die...

..#...#†#.## ##..#
..#..#..### #P.##
...>..#..# ##.#
.##.P#..P# ## ##.###
#.###.P#####. #P.#.# #.
##..#.##(### ##..## .>
#P.........# ###..##
##..####..##...####.##.#
# #.#..>......tl@......#
##.....#.###..###.##.###
#.....#### #.## ###..#
P...## ### #..## ....##
##..## ...#.# #.#.#
....# #.### #...# #.##
#..## #..#


You could see a komodo dragon and a crocodile.

Vanquished Creatures
  A hydra (Lair:1)
  Harold (D:7)
  Sonja (Lair:2)
  Maurice (D:9)
  6 elephants (Lair:2)
  The ghost of LairdRich the Chopper, a novice MiBe of Trog (D:5)
  Joseph (D:7)
  Maggie (D:6)
  7 spiny frogs
  6 komodo dragons
  A queen bee (D:9)
  4 hippogriffs
  Prince Ribbit (D:5)
  A dream sheep (Lair:3)
  3 yaks (D:9)
  2 basilisks
  Menkaure (D:6)
  4 nagas (Lair:2)
  Edmund (D:5)
  10 porcupines
  9 water moccasins
  Duvessa (D:5)
  2 sky beasts
  A black bear (D:8)
  A necrophage (D:8)
  6 ogres
  2 wolves (D:8)
  4 centaurs
  9 crocodiles
  6 bullfrogs
  A big kobold (D:9)
  2 gnoll sergeants (D:5)
  Blork the orc (D:6)
  2 scorpions (D:6)
  Dowan (D:5)
  24 killer bees
  A howler monkey (D:5)
  A bullfrog zombie (D:2)
  5 crimson imps
  A centaur zombie (D:6)
  3 jellies
  4 hounds
  A centaur skeleton (D:4)
  2 orc wizards
  A gnoll shaman (D:5)
  2 iguanas (D:9)
  3 worker ants
  7 gnolls (D:5)
  3 adders
  A shadow imp (D:8)
  2 oozes
  An adder zombie (D:7)
  An adder skeleton (D:5)
  6 worms
  A dart slug (D:3)
  4 leopard geckos
  9 orcs
  9 giant cockroaches
  6 goblins
  11 hobgoblins
  19 jackals
  8 kobolds
  4 quokkas
  A ball python (D:4)
  11 bats
  14 frilled lizards
  A jackal zombie (D:6)
  10 rats
279 creatures vanquished.

Vanquished Creatures (others)
  5 fungi
  43 plants
48 creatures vanquished.

Grand Total: 327 creatures vanquished

Notes
Turn   | Place    | Note
-------+----------+-------------------------------------------
     0 | D:1      | funkygono the Gargoyle Earth Elementalist began the quest
                  | for the Orb.
     0 | D:1      | Reached XP level 1. HP: 10/10 MP: 3/3
   251 | D:1      | Reached XP level 2. HP: 16/16 MP: 3/5
   280 | D:1      | Reached skill level 4 in Earth Magic
   737 | D:2      | Reached XP level 3. HP: 20/20 MP: 1/6
   744 | D:2      | Learned a level 3 spell: Stone Arrow
   793 | D:2      | Reached skill level 1 in Fighting
  1316 | D:2      | HP: 1/20 [bullfrog zombie (5)]
  1317 | D:2      | Reached XP level 4. HP: 2/26 MP: 1/8
  1693 | D:2      | Found a stormy altar of Qazlal.
  1876 | D:3      | Reached skill level 1 in Armour
  1961 | D:3      | Noticed a bullfrog
  1974 | D:3      | Killed a bullfrog
  1974 | D:3      | Reached XP level 5. HP: 20/30 MP: 1/9
  2127 | D:3      | Learned a level 5 spell: Lee's Rapid Deconstruction
  2428 | D:3      | You fall into a shaft and drop 1 floor!
  2429 | D:4      | Reached skill level 5 in Earth Magic
  2522 | D:4      | Reached skill level 1 in Maces & Flails
  2680 | D:3      | Reached XP level 6. HP: 35/36 MP: 2/11
  2925 | D:3      | Found a shimmering altar of Xom.
  3674 | D:4      | Found Silom's Food Boutique.
  3919 | D:4      | Found an iron altar of Okawaru.
  4030 | D:5      | Entered Level 5 of the Dungeon
  4084 | D:5      | Found a shattered altar of Ashenzari.
  4163 | D:5      | Found a transporter.
  4173 | D:5      | Reached skill level 1 in Conjurations
  4247 | D:5      | Identified the cursed -7 shield "Zuenenet" {Int+2}
  4251 | D:5      | Noticed LairdRich's ghost (novice MiBe)
  4276 | D:5      | Reached XP level 7. HP: 40/40 MP: 4/13
  4373 | D:5      | Noticed Edmund
  4406 | D:5      | Killed Edmund
  4406 | D:5      | Reached skill level 6 in Earth Magic
  4601 | D:5      | Noticed Dowan
  4627 | D:5      | Killed Dowan
  4656 | D:5      | Noticed Prince Ribbit
  4663 | D:5      | Noticed Duvessa
  4664 | D:5      | Killed Prince Ribbit
  4664 | D:5      | Reached skill level 5 in Spellcasting
  4664 | D:5      | Reached XP level 8. HP: 46/46 MP: 10/15
  4676 | D:5      | Killed Duvessa
  4676 | D:5      | Reached skill level 7 in Earth Magic
  4992 | D:5      | Found a transporter.
  5459 | D:6      | Noticed Maggie
  5470 | D:6      | Killed Maggie
  5579 | D:6      | Reached XP level 9. HP: 49/52 MP: 9/18
  5646 | D:6      | Noticed Menkaure
  5648 | D:6      | Killed Menkaure
  5656 | D:6      | Noticed Blork the orc
  5666 | D:6      | Killed Blork the orc
  5731 | D:6      | Reached skill level 8 in Earth Magic
  6266 | D:7      | Found Ymehoc's Assorted Antiques.
  6497 | D:7      | Noticed Joseph
  6507 | D:7      | Killed Joseph
  6507 | D:7      | Reached skill level 5 in Fighting
  6686 | D:7      | Noticed Harold
  6699 | D:7      | Killed Harold
  6699 | D:7      | Reached skill level 5 in Conjurations
  6699 | D:7      | Reached XP level 10. HP: 26/59 MP: 5/22
  6700 | D:7      | Found a staircase to the Ecumenical Temple.
  6889 | Temple   | Entered the Ecumenical Temple
  6997 | Temple   | Became a worshipper of Vehumet
  7398 | D:7      | Reached skill level 9 in Earth Magic
  8030 | D:8      | Found a staircase to the Lair.
  8447 | D:8      | Found an opulent altar of Gozag.
  8539 | D:8      | Found Myeduom's General Store.
  8898 | D:5      | Reached * piety under Vehumet
  8898 | D:5      | Offered knowledge of Shock by Vehumet.
  8932 | D:5      | Killed LairdRich's ghost
  8932 | D:5      | Reached skill level 10 in Earth Magic
  9287 | Lair:1   | Entered Level 1 of the Lair of Beasts
  9287 | Lair:1   | Noticed a spiny frog
  9291 | Lair:1   | Killed a spiny frog
  9291 | Lair:1   | Reached skill level 5 in Armour
  9320 | Lair:1   | Noticed a spiny frog
  9332 | Lair:1   | Killed a spiny frog
  9332 | Lair:1   | Reached XP level 11. HP: 41/64 MP: 5/24
 10181 | Lair:1   | Reached skill level 10 in Spellcasting
 10562 | Lair:2   | Noticed Sonja
 10563 | Lair:2   | Noticed a five-headed hydra
 10566 | Lair:2   | Killed Sonja
 10569 | Lair:1   | Reached skill level 11 in Earth Magic
 10676 | Lair:1   | Killed a five-headed hydra
 10681 | Lair:1   | Offered knowledge of Searing Ray by Vehumet.
 10693 | Lair:1   | Learned a level 2 spell: Searing Ray
 10910 | Lair:2   | Reached ** piety under Vehumet
 11613 | Lair:2   | Found a staircase to the Snake Pit.
 12293 | Lair:2   | Reached XP level 12. HP: 35/70 MP: 4/26
 13113 | D:9      | Noticed a +0 dagger
 13113 | D:9      | Noticed a +0 dagger
 13189 | D:9      | Offered knowledge of Mephitic Cloud by Vehumet.
 13226 | D:9      | Reached *** piety under Vehumet
 13478 | D:9      | Found a hide-covered altar of Uskayaw.
 13635 | D:9      | Offered knowledge of Hailstorm by Vehumet.
 13641 | D:9      | Learned a level 4 spell: Hailstorm
 13671 | D:9      | Reached skill level 5 in Maces & Flails
 14018 | D:9      | Noticed Maurice
 14024 | D:9      | Killed Maurice
 14219 | D:10     | Entered Level 10 of the Dungeon
 14631 | Lair:3   | Reached **** piety under Vehumet
 14631 | Lair:3   | Reached skill level 1 in Ice Magic
 14858 | Lair:3   | Reached skill level 12 in Earth Magic
 14860 | Lair:3   | Mangled by a komodo dragon

Levels and vault maps discovered:
D:1:      dpeg_arrival_prison, layout_basic, minmay_misc_feat_nine_boxes,
          minmay_misc_feat_more_columns
D:2:      layout_basic, nicolae_qazlal_general_emergency
D:3:      layout_basic, xom_butterflies, first_ration
D:4:      layout_loops_ring, serial_shops, shop, okawaru_trees_1
D:5:      layout_loops_ring, evilmike_ruin_ashenzari,
          gammafunk_ghost_gnarly_gnolls, grunt_ministairs_10, minmay_checkerbox,
          uniq_edmund, uniq_duvessa, uniq_prince_ribbit1
D:6:      layout_basic, uniq_blork_the_orc, uniq_menkaure, uniq_maggie
D:7:      layout_basic, minmay_temple_entry_trees, serial_shops, shop,
          uniq_joseph, uniq_harold
D:8:      layout_rooms, minmay_lair_entry_grove, serial_shops, shop, basic_altar
D:9:      layout_loops_ring, dancing_weapons_uskayaw, david_nohive_1,
          minmay_lizard_king, uniq_maurice
D:10:     layout_basic, serial_shops, shop, kennysheep_little_box,
          david_defended_altar_elf, uniq_fannar
Temple:   dpeg_five_rooms_temple
Lair:1:   layout_roguey, infiniplex_staircase_pool
Lair:2:   layout_regular_city, minmay_snake_entry_guardpost_medium,
          grunt_megastairs_1, serial_bayou_shore_a, uniq_sonja
Lair:3:   wad_woods_stonehenge, layout_loops_ring, uniq_rupert, uniq_gastronok,
          uniq_nergalle

Skill      XL: |  1  2  3  4  5  6  7  8  9 10 11 12 |
---------------+-------------------------------------+-----
Earth Magic    | 4 5 6 7 8 10 11 12 | 12.0
Fighting       | 1 2 3 4 5 6 |  6.5
Armour         | 1 2 3 5 6 7 |  7.4
Spellcasting   | 3 4 5 6 8 9 10 11 | 11.0
Maces & Flails | 1 2 3 4 5 |  5.1
Conjurations   | 1 2 3 5 6 8 |  8.3
Stealth        | 3 4 |  4.0
Ice Magic      | 1 |  1.4
Dodging        | |  1.5
Transmutations | |  0.7

Action                   |  1- 3 |  4- 6 |  7- 9 | 10-12 || total
-------------------------+-------+-------+-------+-------++-------
Melee: Club              |    38 |    57 |       |       ||    95
       Whip              |       |    39 |    19 |       ||    58
       Flail             |       |       |    42 |   172 ||   214
 Cast: Sandblast         |    43 |    45 |    81 |    78 ||   247
       Stone Arrow       |     5 |    28 |    50 |   242 ||   325
       Lee's Rapid Decon |       |       |     1 |     3 ||     4
       Searing Ray       |       |       |       |    14 ||    14
       Hailstorm         |       |       |       |     3 ||     3
  Use: Scroll            |     3 |     9 |     4 |    12 ||    28
       Potion            |       |       |       |     4 ||     4
  Eat: Chunk             |     2 |    13 |     7 |    11 ||    33
       Ration            |       |       |     1 |     5 ||     6
Armor: Leather armour    |    35 |    49 |     5 |       ||    89
       Robe              |     1 |       |       |       ||     1
       Ring mail         |       |     6 |    22 |       ||    28
       Acid dragon scale |       |       |    38 |   278 ||   316
Dodge: Dodged            |    46 |    70 |    71 |   207 ||   394

Table legend:
 A = Non-vault XP
 B = Vault XP
 C = Vault XP percentage of total XP
 D = Non-vault monster count
 E = Vault monster count
 F = Vault count percentage of total count
                 A         B        C        D         E       F
            +---------+---------+-------+---------+---------+-------
      Total |   16275 |    9719 |  37.4 |     204 |      75 |  26.9
            +---------+---------+-------+---------+---------+-------
        D:1 |      25 |       0 |   0.0 |      15 |       0 |   0.0
        D:2 |     111 |       0 |   0.0 |      27 |       0 |   0.0
        D:3 |     219 |       0 |   0.0 |      39 |       0 |   0.0
        D:4 |      97 |       0 |   0.0 |       6 |       0 |   0.0
        D:5 |     662 |    1376 |  67.5 |      13 |      18 |  58.1
        D:6 |     917 |     674 |  42.4 |      18 |       3 |  14.3
        D:7 |     976 |    1390 |  58.7 |      17 |       2 |  10.5
        D:8 |     644 |    1468 |  69.5 |      10 |      13 |  56.5
        D:9 |    1194 |    1972 |  62.3 |      20 |      28 |  58.3
     Lair:1 |    5709 |       0 |   0.0 |      21 |       0 |   0.0
     Lair:2 |    4142 |    1723 |  29.4 |      12 |       7 |  36.8
     Lair:3 |    1579 |    1116 |  41.4 |       6 |       4 |  40.0
            +---------+---------+-------+---------+---------+-------
